 Dungeon Crawl Stone Soup version 0.28-a0-909-g796cbd3a86 (webtiles) character file.

Game seed: 15936544416549698055

195 ragingrage the Chopper (level 5, -4/40 HPs)
             Began as a Palentonga Warper on Nov 24, 2021.
             Killed from afar by Ijyb (17 damage)
             ... with an iceblast
             ... on level 4 of the Dungeon.
             The game lasted 00:02:42 (3174 turns).

ragingrage the Chopper (Palentonga Warper)          Turns: 3174, Time: 00:02:43

Health: -4/40      AC:  4    Str: 14    XL:     5   Next: 45%
Magic:  8/8        EV:  9    Int: 13    God:
Gold:   179        SH:  0    Dex: 13    Spells: 6/8 levels left

rFire   . . .      SeeInvis +   a - +0 hand axe
rCold   . . .      Faith    .   (no shield)
rNeg    . . .      Spirit   .   b - +0 leather armour
rPois   .          Reflect  .   (no helmet)
rElec   .          Harm     .   (no cloak)
rCorr   .          Rampage  .   (no gloves)
Will    .....                   (no barding)
Stlth   ++........              l - amulet of magic regeneration
HPRegen 0.13/turn               (no ring)
MPRegen 0.36/turn               (no ring)

@: lethally poisoned (-4 -> -4)
A: large, rugged brown scales 3, see invisible, deformed body, roll 2, armoured
tail, thin skeletal structure 1, deterioration 1
a: Rolling Charge


You were on level 4 of the Dungeon.
You visited 1 branch of the dungeon, and saw 4 of its levels.

You collected 179 gold pieces.

Inventory:

Hand Weapons
 a - a +0 hand axe (weapon)
Missiles
 d - 2 boomerangs of dispersal (quivered)
Armour
 b - a +0 leather armour (worn)
Jewellery
 l - an amulet of magic regeneration (around neck)
Wands
 p - a wand of iceblast (5)
Scrolls
 c - 6 scrolls of blinking
 o - a scroll of teleportation {unknown}
 r - a scroll of identify
Potions
 g - a potion of flight
 h - a potion of cancellation
 n - a potion of magic


   Skills:
 - Level 2.0 Fighting
 * Level 5.8 Axes
 - Level 0.6 Throwing
 - Level 0.7 Armour
 - Level 1.5 Dodging
 - Level 2.0 Spellcasting
 - Level 3.0 Translocations


You had 6 spell levels left.
You knew the following spells:

 Your Spells              Type           Power      Damage    Failure   Level
a - Blink                 Tloc           18%        N/A       14%         2

Your spell library contained the following spells:

 Spells                   Type           Power      Damage    Failure   Level
 Gell's Gravitas          Tloc           9%         N/A       28%         3
 Lesser Beckoning         Tloc           9%         N/A       28%         3
 Teleport Other           Tloc           9%         N/A       28%         3
 Foxfire                  Conj/Fire      4%         2x1d4     32%         1
 Conjure Flame            Conj/Fire      1%         6-21      67%         3
 Inner Flame              Hex/Fire       1%         N/A       67%         3
 Manifold Assault         Tloc           9%         N/A       95%         5
 Flame Wave               Conj/Fire      1%         3d3       97%         4


Dungeon Overview and Level Annotations

Branches:
Dungeon (4/15)
 Temple: D:4-7

Altars:
Trog

Annotations:
D:3 exclusion: downstairs
D:4 Ijyb


Innate Abilities, Weirdness & Mutations

You are completely covered in rugged brown scales. (AC +3, +7% HP)
You have supernaturally acute eyesight. (SInv)
Armour fits poorly on your strangely shaped body.
You can roll at foes to attack.
You have a long armoured tail.
You have a somewhat thin skeletal structure. (Dex +2, Stealth+)
Your body sometimes deteriorates upon taking damage.


Message History

You have reached level 5!
You feel a genetic drift.
You feel you can roll further.
You no longer feel a hidden potential within.
Ijyb the Twisted Goblin comes into view.
She is wielding a +0 club and carrying a wand of iceblast (9).
Ijyb shouts!
An adder comes into view.
The adder hisses angrily.
You hit Ijyb but do no damage. Ijyb hits you with a +0 club.
You closely miss Ijyb. Ijyb closely misses you.
An endoplasm comes into view.
Ijyb zaps a wand.
The mass of ice explodes!
The iceblast engulfs you!
You closely miss the adder. The adder bites you.
You are poisoned.
The adder poisons you! The adder bites you.
You feel better.
Ijyb screams, "No!
No, no, no, no!"
The adder bites you.
You hit the adder.
The adder is lightly wounded.
The adder closely misses you.
You closely miss the adder.
The adder is lightly wounded.
The adder closely misses you. The adder bites you.
You are poisoned.
The adder poisons you!
You miss the adder.
The adder is lightly wounded.
You feel sick.
Ijyb grins evilly.
The adder closely misses you.
You miss the adder.
The adder is lightly wounded.
You feel sick. The adder bites you.
You feel sick. The adder bites you but does no damage.
You feel sick.
You feel sick. The adder bites you.
You feel sick.
Ijyb zaps a wand.
The mass of ice explodes!
The iceblast engulfs you!
You die...

#.....#...#
#......# #...#
##.## #g# ##.# #S.#
#..# ##### #@##
##...## #.#
##.....###.#
##........#.#
#...........#
#...........##
####...........)##
#......>.........##
#...#...........<.#


You could see Ijyb and an adder.

Vanquished Creatures
  An ogre (D:4)
  A scorpion (D:4)
  An adder (D:4)
  A shadow imp (D:4)
  A worm (D:4)
  A dart slug (D:4)
  2 orcs
  5 bats
  3 endoplasms
  A giant cockroach (D:1)
  3 goblins
  3 hobgoblins (D:1)
  A kobold (D:1)
  3 quokkas
  5 ball pythons
  2 frilled lizards
  A rat (D:1)
35 creatures vanquished.

Notes
Turn   | Place    | Note
-------+----------+-------------------------------------------
     0 | D:1      | ragingrage the Palentonga Warper began the quest for the
                  | Orb.
     0 | D:1      | Reached XP level 1. HP: 17/17 MP: 3/3
   333 | D:1      | Reached XP level 2. HP: 21/23 MP: 5/5
   620 | D:1      | Learned a level 2 spell: Blink
   637 | D:1      | Reached skill level 3 in Axes
  1275 | D:2      | Found a faded altar of an unknown god.
  1702 | D:3      | Found a bloodstained altar of Trog.
  1991 | D:3      | Reached XP level 3. HP: 28/28 MP: 6/6
  2559 | D:4      | Noticed a scorpion
  2565 | D:4      | Reached skill level 4 in Axes
  2568 | D:4      | Gained mutation: You have hidden genetic potential. [potion
                  | of mutation]
  2568 | D:4      | Gained mutation: Your body sometimes deteriorates upon
                  | taking damage. [potion of mutation]
  2574 | D:4      | Killed a scorpion
  2575 | D:4      | Reached XP level 4. HP: 11/35 MP: 7/7
  2576 | D:4      | Gained mutation: You have a somewhat thin skeletal
                  | structure. (Dex +2, Stealth+) [hidden potential]
  2877 | D:4      | Reached skill level 5 in Axes
  3107 | D:4      | Noticed an ogre
  3146 | D:4      | Killed an ogre
  3147 | D:4      | Reached XP level 5. HP: 40/40 MP: 8/8
  3156 | D:4      | Gained mutation: You can roll at foes to attack. [hidden
                  | potential]
  3156 | D:4      | Lost mutation: You have hidden genetic potential. [hidden
                  | potential expressed]
  3158 | D:4      | Noticed Ijyb
  3174 | D:4      | Killed from afar by Ijyb

Illustrated notes

Levels and vault maps discovered:
D:1:      psy_arrival_radial02, layout_basic
D:2:      layout_rooms, hellmonk_ecumenical_altar_zigzags
D:3:      layout_loops_ring, mainiacjoe_overflow_surrounded_room
D:4:      layout_cave_pods, nicolae_wooded_promenade,
          minmay_manual_mandibuliform, uniq_ijyb, uniq_eustachio

Skill      XL: |  1  2  3  4 |
---------------+-------------+-----
Axes           | 3 4 5 |  5.8
Fighting       | |  2.0
Throwing       | |  0.6
Armour         | |  0.7
Dodging        | |  1.5
Spellcasting   | |  2.0
Translocations | |  3.0

Action                   |  1- 3 |  4- 6 || total
-------------------------+-------+-------++-------
Melee: Hand axe          |    93 |    22 ||   115
       Tailslap          |     4 |     5 ||     9
Throw: Boomerang         |       |     3 ||     3
 Abil: Rolling Charge    |     2 |       ||     2
Evoke: Wand              |     3 |     1 ||     4
  Use: Potion            |     3 |     2 ||     5
       Scroll            |       |     4 ||     4
 Stab: Sleeping          |       |     2 ||     2
Armor: Leather armour    |    63 |     6 ||    69
Dodge: Dodged            |    41 |     6 ||    47

Table legend: (Time is in decaauts)
 A = Elapsed time spent in this place.
 B = Non-inter-level travel time spent in this place.
 C = Inter-level travel time spent in this place.
 D = Time resting spent in this place.
 E = Time spent auto-exploring this place.
 F = Levels seen in this place.
 G = Mean time per level.
                   A        B        C        D        E       F      G
               +--------+--------+--------+--------+--------+-----+--------+
         Total |   3190 |   3103 |     87 |    692 |   2072 |   4 |  797.5 |
       Dungeon |   3190 |   3103 |     87 |    692 |   2072 |   4 |  797.5 |
               +--------+--------+--------+--------+--------+-----+--------+

Top non-repeatable levels by time:
     D:3: 1066 daAuts
     D:1: 1059 daAuts
     D:2: 610 daAuts
     D:4: 454 daAuts
